 Dungeon Crawl Stone Soup version 0.30-a0-1008-g30c9307041 (webtiles) character file.

Game seed: 15292503449020202214

188 DeathPants the Grave Robber (level 5, -8/34 (38) HPs)
             Began as a Demonspawn Necromancer on Apr 5, 2023.
             Mangled by a wight
             ... wielding a +0 scimitar
              (11 damage)
             ... on level 3 of the Dungeon.
             The game lasted 00:13:48 (3151 turns).

DeathPants the Grave Robber (DsNe)                  Turns: 3151, Time: 00:13:49

HP:   -8/34 (38)    AC: 10    Str: 11    XL:     5   Next: 39%
MP:   9/9           EV: 12    Int: 16    God:
Gold: 113           SH:  0    Dex: 18    Spells: 5/9 levels left

rFire   . . .      SeeInvis .    a - +0 dagger
rCold   . . .      Faith    .    (no shield)
rNeg    . . .      Spirit   .    n - +4 leather armour of the Twelve Blessings {Dex+5 Stlth+}
rPois   .          Reflect  .    (helmet restricted)
rElec   .          Rampage  .    o - +0 cloak
rCorr   .                        (no gloves)
Will    +....                    r - +1 pair of boots
Stlth   +++                      d - amulet of Vitality {RegenMP++ Regen++}
HPRegen 1.85/turn                y - ring of willpower
MPRegen 0.91/turn                (no ring)

@: heavily drained
A: antennae 1, demonic magic 1
a: no special abilities


You were on level 3 of the Dungeon.
You visited 1 branch of the dungeon, and saw 4 of its levels.

You collected 113 gold pieces.

Inventory:

Hand Weapons
 a - a +0 dagger (weapon)
 f - a +0 scimitar of chaos
Missiles
 m - 3 curare-tipped darts
 t - 2 javelins
 x - 2 boomerangs
Armour
 n - the +4 leather armour of the Twelve Blessings (worn) {Dex+5 Stlth+}
   (You found it on level 2 of the Dungeon)

   Dex:       It affects your dexterity (+5).
   Stlth:     It makes you more stealthy.
 o - a +0 cloak (worn)
 p - the +2 robe "Havuchucs" {Fly Dex-2 Archmagi}
   (You found it on level 2 of the Dungeon)

   Dex:       It affects your dexterity (-2).
   Fly:       It grants you flight.
   Archmagi:  It increases the power of your magical spells.
 r - a +1 pair of boots (worn)
Magical Staves
 b - a staff of death
Jewellery
 d - the amulet of Vitality (around neck) {RegenMP++ Regen++}
   (You acquired it on level 2 of the Dungeon)

   [amulet of magic regeneration]

   It increases your rate of magic regeneration.
   Regen:     It increases your rate of health regeneration.
 y - a ring of willpower (left hand)
Scrolls
 u - a scroll of identify {unknown}
 v - a scroll of noise {unknown}
Potions
 c - 2 potions of curing {unknown}
 e - a potion of ambrosia {unknown}
 g - a potion of might {unknown}
 h - 2 potions of degeneration {unknown}
 i - a potion of magic
 j - a potion of invisibility {unknown}
 k - 2 potions of mutation {unknown}
 l - a potion of haste {unknown}
 w - a potion of brilliance {unknown}


   Skills:
 + Level 2.1 Fighting
 - Level 1.1(1.2) Short Blades
 + Level 0.4(0.9) Long Blades
 + Level 2.8 Dodging
 - Level 1.7 Stealth
 + Level 2.9 Spellcasting
 + Level 5.2 Necromancy


You had 5 spell levels left.
You knew the following spells:

 Your Spells              Type           Power      Damage    Failure   Level
a - Necrotise             Necr           76%        1d7       3%          1
b - Vampiric Draining     Necr           19%        2d7       9%          3

Your spell library contained the following spells:

 Spells                   Type           Power      Damage    Failure   Level
 Animate Dead             Necr           19%        N/A       28%         4
 Tukima's Dance           Hex            2%         N/A       58%         3
 Agony                    Necr           19%        N/A       63%         5
 Passage of Golubria      Tloc           2%         N/A       94%         4
 Yara's Violent Unravell  Hex/Tmut       1%         3d3       100%        5


Dungeon Overview and Level Annotations

Branches:
Dungeon (4/15)
 Temple: D:4-7

Altars:
Makhleb


Innate Abilities, Weirdness & Mutations

You have a pair of small antennae on your head.
Spells you cast may paralyse adjacent enemies.


Message History

The wight is lightly damaged.
The wight barely misses you.
You open the door. The wight hits you with a +0 scimitar!
* * * LOW HITPOINT WARNING * * *
The wight attacks as you move away! The wight hits you with a +0 scimitar.
* * * LOW HITPOINT WARNING * * *
There is an open door here.
There is a stone staircase leading up here.
The wight closely misses you.
You climb upwards.
There is a stone staircase leading down here.
As you read the scroll labelled VEBOISAIRPH, it crumbles to dust.
It is a scroll of brand weapon.
Your +0 scimitar erupts in a glittering mayhem of colour.
f - a +0 scimitar of chaos The wight barely misses you.
Okay, then.
b - a staff of death (weapon)
You hit the wight but do no damage. The wight hits you with a +0 scimitar.
The wight misses you.
a - a +0 dagger (weapon)
You aren't carrying any items that you can evoke.
Casting: Necrotise (safe; 3% risk of failure)
Confirm with . or Enter, or press ? or * to list all spells.
Okay, then.
Unknown command.
The wight hits you but does no damage. The wight attacks as you move away!
The wight hits you with a +0 scimitar.
You feel drained. The wight attacks as you move away!
The wight closely misses you. The wight attacks as you move away!
The wight hits you with a +0 scimitar!
You feel drained.
* * * LOW HITPOINT WARNING * * *
The wight attacks as you move away! The wight barely misses you.
The wight attacks as you move away! The wight hits you with a +0 scimitar!
* * * LOW HITPOINT WARNING * * *
You feel drained.
* * * LOW HITPOINT WARNING * * *
The wight attacks as you move away! The wight hits you with a +0 scimitar!
You die...

#.......##>.#####
###.......##......###
#.'.......##.####...###
#.#.......##.# ###...###
#.#......)##.########...#####
#.#.......##..........#....#.
#.######............#.#.#..##
#...........z.........#.#..##
##..........@.......#.#.#..#.
#.#########....#######.#..##
#.# #....# #..........
#.#########....###.###.##...
#.##...........'...# #.##.##
#.##...........##..# #.##.##
#.##........######.# #......
#.########### #.######.## #.#
#).#####'##


You could see a wight.

Vanquished Creatures
  A jelly (D:3)
  A sleepcap (D:4)
  6 adders
  2 worms
  6 orcs
  6 endoplasms
  4 giant cockroaches
  6 hobgoblins
  2 jackals (D:3)
  2 kobolds
  2 quokkas
  7 ball pythons
  4 bats (D:1)
  2 frilled lizards
  5 goblins
  5 rats
61 creatures vanquished.

Vanquished Creatures (others)
  6 plants (D:4)
6 creatures vanquished.

Grand Total: 67 creatures vanquished

Notes
Turn   | Place    | Note
-------+----------+-------------------------------------------
     0 | D:1      | DeathPants the Demonspawn Necromancer began the quest for
                  | the Orb.
     0 | D:1      | Reached XP level 1. HP: 13/13 MP: 3/3
   269 | D:2      | Gained mutation: Spells you cast may paralyse adjacent
                  | enemies. [demonic ancestry]
   269 | D:2      | Reached XP level 2. HP: 8/20 MP: 0/5
   666 | D:1      | Reached skill level 1 in Fighting
   724 | D:2      | Reached XP level 3. HP: 14/26 MP: 2/6
  1459 | D:2      | Identified the +4 leather armour of the Twelve Blessings
                  | {Dex+5 Stlth+}
  1505 | D:2      | Identified the +2 robe "Havuchucs" {Fly Dex-2 Archmagi}
  2012 | D:2      | Identified a scroll of acquirement
  2012 | D:2      | Acquired the amulet of Vitality {RegenMP++ Regen++}
  2012 | D:2      | Found the amulet of Vitality {RegenMP++ Regen++}
  2094 | D:3      | Found a burning altar of Makhleb.
  2096 | D:3      | Noticed an angel
  2097 | D:3      | Noticed a cacodemon
  2182 | D:3      | Gained mutation: You have a pair of small antennae on your
                  | head. [demonic ancestry]
  2182 | D:3      | Reached XP level 4. HP: 32/32 MP: 7/7
  2217 | D:3      | Reached skill level 5 in Necromancy
  2232 | D:3      | Reached skill level 1 in Short Blades
  2352 | D:3      | Learned a level 3 spell: Vampiric Draining
  2386 | D:4      | Reached XP level 5. HP: 38/38 MP: 9/9
  2632 | D:3      | Identified the +0 pair of gloves of the Black Moon {Harm
                  | rF+}
  3150 | D:3      | HP: 1/34 [wight/+0 scimitar (1)]
  3151 | D:3      | Mangled by a wight

Illustrated notes

Levels and vault maps discovered:
D:1:      dpeg_arrival_concentric_ovals, layout_basic
D:2:      layout_rooms, minmay_pentomino_pile
D:3:      layout_basic, grunt_temple_overflow_order_and_chaos_2,
          minmay_diced_spiral
D:4:      layout_basic, gammafunk_temple_overflow_statue, serial_bayou_lake_a

Skill      XL: |  1  2  3  4 |
---------------+-------------+-----
Dodging        | 2 |  2.8
Fighting       | 1 2 |  2.1
Necromancy     | 5 |  5.2
Short Blades   | 1 |  1.1
Long Blades    | |  0.4
Stealth        | |  1.7
Spellcasting   | |  2.9

Action                     |  1- 3 |  4- 6 || total
---------------------------+-------+-------++-------
  Melee: Short sword       |    91 |       ||    91
         Unarmed           |     1 |       ||     1
         Dagger            |    16 |    87 ||   103
         Staff             |       |     1 ||     1
   Cast: Necrotise         |    22 |    21 ||    43
    Use: Scroll            |     3 |     2 ||     5
   Stab: Sleeping          |     5 |     3 ||     8
         Paralysed         |     6 |     6 ||    12
 Armour: Robe              |     4 |       ||     4
         Leather armour    |    22 |    29 ||    51
  Dodge: Dodged            |    67 |    44 ||   111

Table legend: (Time is in decaauts)
 A = Elapsed time spent in this place.
 B = Non-inter-level travel time spent in this place.
 C = Inter-level travel time spent in this place.
 D = Time resting spent in this place.
 E = Time spent auto-exploring this place.
 F = Levels seen in this place.
 G = Mean time per level.
                   A        B        C        D        E       F      G
               +--------+--------+--------+--------+--------+-----+--------+
         Total |   3145 |   2994 |    151 |    194 |   1952 |   4 |  786.2 |
       Dungeon |   3145 |   2994 |    151 |    194 |   1952 |   4 |  786.2 |
               +--------+--------+--------+--------+--------+-----+--------+

Top non-repeatable levels by time:
     D:1: 1269 daAuts
     D:3: 946 daAuts
     D:2: 773 daAuts
     D:4: 156 daAuts
